[ AOE2 MATCH · #476310715 ]
UnrankedJurchens vs Teutons
[ REPLAY ANALYSIS · EXTRACTED FROM THE RECORDED GAME ]
Feudal
11:12
Castle
15:07
Imperial
—
| APM avg | 21.5 |
| APM peak | 52 |
| eAPM avg | 11.9 |
| Villagers / military | 104 / 11 |
Focus
⚔️ 16.5% · 🌾 83.5%
Spearman ×6 · Scout Cavalry ×5 · Unknown (1908) ×2
Feudal
10:58
Castle
14:33
Imperial
29:07
| APM avg | 36.7 |
| APM peak | 73 |
| eAPM avg | 21.7 |
| Villagers / military | 91 / 54 |
Focus
⚔️ 24.4% · 🌾 75.6%
Spearman ×22 · Hand Cannoneer ×16 · Hussite Wagon ×7 · Monk ×6 · Bombard Cannon ×2 · Trebuchet (Packed) ×1
Feudal
11:41
Castle
15:47
Imperial
30:47
| APM avg | 41.5 |
| APM peak | 71 |
| eAPM avg | 26.6 |
| Villagers / military | 146 / 46 |
Focus
⚔️ 25.5% · 🌾 74.5%
Knight ×40 · Trade Cart ×13 · Monk ×5 · Trebuchet (Packed) ×1
Feudal
11:21
Castle
16:06
Imperial
—
| APM avg | 46.4 |
| APM peak | 77 |
| eAPM avg | 18.9 |
| Villagers / military | 125 / 58 |
Focus
⚔️ 19.4% · 🌾 80.6%
Scout Cavalry ×58 · Trade Cart ×22
Feudal
10:33
Castle
18:26
Imperial
33:24
| APM avg | 51.8 |
| APM peak | 92 |
| eAPM avg | 24.8 |
| Villagers / military | 185 / 29 |
Focus
⚔️ 20.0% · 🌾 80.0%
Scout Cavalry ×12 · Ratha (Ranged) ×12 · Battle Elephant ×5
Feudal
11:06
Castle
14:47
Imperial
34:54
| APM avg | 40.7 |
| APM peak | 77 |
| eAPM avg | 19.2 |
| Villagers / military | 124 / 38 |
Focus
⚔️ 25.8% · 🌾 74.2%
Ghulam ×33 · Armored Elephant ×5
Match map
Initial resources + every placement click. Lines = walls · curves = elevation contours. ◆ gold · ⬟ stone · ● berries · ✦ relic · ◌ wall gap
Your base· Open — 6t gap
30Markus's base· Open — unwalled flank
SSNoyer's base· Open — 15t gap
dse's base· Open — unwalled flank
weski's base· Open — unwalled flank
Fs.Alive's base· Open — unwalled flank
Smoothed initial terrain · ◌ = detected wall gap · hover for details
Inputs per minute
— ike - - 30Markus
Build order — ike
First 150 of 215 actions detected
| 0:06 | Build | Town Center |
| 0:32 | Build | House |
| 1:11 | Build | House |
| 1:50 | Build | Mill |
| 1:57 | Create | Villager (Male) |
| 1:58 | Create | Villager (Male) |
| 1:58 | Create | Villager (Male) |
| 1:59 | Create | Villager (Male) |
| 2:29 | Build | House |
| 2:59 | Build | House |
| 3:25 | Research | Loom |
| 3:29 | Create | Villager (Male) |
| 4:01 | Create | Villager (Male) |
| 4:02 | Create | Villager (Male) |
| 4:02 | Create | Villager (Male) |
| 4:02 | Create | Villager (Male) |
| 4:38 | Create | Villager (Male) |
| 4:48 | Build | House |
| 4:50 | Build | House |
| 5:31 | Create | Villager (Male) |
| 5:32 | Create | Villager (Male) |
| 5:32 | Create | Villager (Male) |
| 5:32 | Create | Villager (Male) |
| 5:43 | Create | Villager (Male) |
| 5:43 | Create | Villager (Male) |
| 5:48 | Build | Lumber Camp |
| 5:50 | Create | Villager (Male) |
| 5:50 | Create | Villager (Male) |
| 6:07 | Create | Villager (Male) |
| 6:08 | Create | Villager (Male) |
| 6:31 | Create | Villager (Male) |
| 7:03 | Create | Villager (Male) |
| 7:04 | Create | Villager (Male) |
| 7:09 | Create | Villager (Male) |
| 7:09 | Create | Villager (Male) |
| 7:09 | Create | Villager (Male) |
| 7:10 | Create | Villager (Male) |
| 7:31 | Create | Villager (Male) |
| 7:32 | Create | Villager (Male) |
| 7:49 | Create | Villager (Male) |
| 7:57 | Build | Mill |
| 8:16 | Create | Villager (Male) |
| 8:37 | Build | Mining Camp |
| 8:38 | Create | Villager (Male) |
| 8:48 | Research | Feudal Age |
| 8:58 | Build | Farm |
| 9:09 | Build | Farm |
| 10:27 | Build | Farm |
| 10:32 | Build | House |
| 10:35 | Build | House |
| 10:41 | Create | Villager (Male) |
| 10:41 | Create | Villager (Male) |
| 11:12 | Age | Feudal Age |
| 11:18 | Build | Market |
| 11:26 | Build | Market |
| 11:31 | Build | Blacksmith |
| 11:41 | Create | Villager (Male) |
| 11:41 | Create | Villager (Male) |
| 12:16 | Research | Castle Age |
| 12:24 | Build | Barracks |
| 12:28 | Research | Double-Bit Axe |
| 12:48 | Build | Mill |
| 13:24 | Create | Spearman |
| 13:39 | Build | Stable |
| 13:44 | Create | Villager (Male) |
| 14:27 | Create | Scout Cavalry |
| 14:34 | Build | Stable |
| 14:42 | Create | Villager (Male) |
| 14:56 | Research | Bloodlines |
| 15:07 | Age | Castle Age |
| 15:15 | Create | Spearman |
| 15:15 | Create | Spearman |
| 15:31 | Build | Town Center |
| 15:46 | Create | Spearman |
| 15:50 | Create | Scout Cavalry ×2 |
| 16:11 | Create | Villager (Male) |
| 16:12 | Create | Villager (Male) |
| 16:12 | Create | Villager (Male) |
| 16:52 | Research | Forging |
| 17:02 | Build | Farm |
| 17:33 | Research | Town Watch |
| 17:33 | Research | Wheelbarrow |
| 17:38 | Build | Farm |
| 17:57 | Create | Scout Cavalry |
| 18:04 | Build | Farm |
| 18:05 | Build | Farm |
| 18:11 | Create | Villager (Male) |
| 18:12 | Create | Villager (Male) |
| 18:33 | Build | Mill |
| 18:43 | Create | Villager (Male) |
| 18:43 | Create | Villager (Male) |
| 19:09 | Create | Spearman |
| 19:10 | Create | Spearman |
| 20:11 | Research | Light Cavalry (upgrade) |
| 20:17 | Build | Farm |
| 20:18 | Build | Farm |
| 20:39 | Build | Town Center |
| 20:52 | Build | Farm |
| 20:55 | Build | Farm |
| 20:58 | Build | Farm |
| 21:07 | Build | House |
| 21:10 | Create | Villager (Male) |
| 21:32 | Create | Scout Cavalry |
| 21:41 | Build | House |
| 21:42 | Build | House |
| 21:43 | Create | Villager (Male) |
| 21:44 | Create | Villager (Male) |
| 21:49 | Build | Farm |
| 21:51 | Create | Villager (Male) |
| 21:51 | Create | Villager (Male) |
| 22:00 | Create | Villager (Male) |
| 22:00 | Create | Villager (Male) |
| 22:00 | Create | Villager (Male) |
| 22:01 | Create | Villager (Male) |
| 22:02 | Create | Villager (Male) |
| 22:02 | Create | Villager (Male) |
| 22:13 | Build | Farm |
| 22:14 | Build | Farm |
| 22:15 | Build | Farm |
| 23:04 | Build | Town Center |
| 23:07 | Create | Villager (Male) |
| 23:07 | Create | Villager (Male) |
| 23:07 | Create | Villager (Male) |
| 23:14 | Create | Villager (Male) |
| 23:14 | Create | Villager (Male) |
| 23:16 | Build | Farm |
| 23:19 | Create | Villager (Male) |
| 23:19 | Create | Villager (Male) |
| 23:19 | Create | Villager (Male) |
| 23:27 | Create | Villager (Male) |
| 23:27 | Create | Villager (Male) |
| 23:36 | Build | Farm |
| 23:39 | Build | Farm |
| 23:40 | Build | Farm |
| 23:47 | Research | Horse Collar |
| 23:57 | Build | House |
| 23:58 | Build | House |
| 24:00 | Build | House |
| 24:03 | Create | Villager (Male) |
| 24:04 | Create | Villager (Male) |
| 24:05 | Create | Villager (Male) |
| 24:05 | Create | Villager (Male) |
| 24:05 | Create | Villager (Male) |
| 24:06 | Create | Villager (Male) |
| 24:16 | Create | Villager (Male) |
| 24:26 | Build | House |
| 24:28 | Build | House |
| 24:34 | Build | House |
| 25:24 | Build | House |
| 25:25 | Build | House |
Build order — 30Markus
First 150 of 281 actions detected
| 0:21 | Build | Town Center |
| 1:35 | Build | House |
| 1:42 | Build | House |
| 2:04 | Create | Villager (Male) ×4 |
| 2:40 | Build | House |
| 2:53 | Create | Villager (Male) |
| 2:53 | Create | Villager (Male) |
| 3:17 | Build | House |
| 3:20 | Build | House |
| 3:29 | Build | House |
| 3:43 | Create | Villager (Male) |
| 4:28 | Create | Villager (Male) |
| 4:55 | Build | Mill |
| 4:58 | Create | Villager (Male) |
| 5:01 | Build | House |
| 5:22 | Create | Villager (Male) |
| 5:23 | Create | Villager (Male) |
| 6:03 | Research | Loom |
| 6:06 | Create | Villager (Male) |
| 6:46 | Build | House |
| 6:47 | Create | Villager (Male) |
| 6:57 | Create | Villager (Male) |
| 7:16 | Build | Mining Camp |
| 7:23 | Create | Villager (Male) |
| 7:35 | Build | House |
| 7:51 | Build | Mill |
| 7:55 | Build | House |
| 8:07 | Create | Villager (Male) |
| 8:10 | Research | Feudal Age |
| 8:10 | Research | Feudal Age |
| 8:13 | Build | House |
| 8:25 | Build | House |
| 9:57 | Build | House |
| 10:41 | Create | Villager (Male) |
| 10:58 | Age | Feudal Age |
| 10:59 | Build | Blacksmith |
| 11:02 | Build | Market |
| 11:04 | Create | Villager (Male) |
| 11:47 | Build | Mining Camp |
| 11:53 | Research | Castle Age |
| 11:53 | Research | Castle Age |
| 12:12 | Build | Mining Camp |
| 12:30 | Build | House |
| 13:18 | Build | Lumber Camp |
| 13:43 | Create | Villager (Male) |
| 14:01 | Research | Double-Bit Axe |
| 14:02 | Research | Double-Bit Axe |
| 14:33 | Age | Castle Age |
| 14:35 | Build | Town Center |
| 14:42 | Build | Monastery |
| 14:59 | Research | Bow Saw |
| 15:02 | Create | Villager (Male) |
| 15:02 | Create | Villager (Male) |
| 15:19 | Create | Monk |
| 15:20 | Create | Monk |
| 15:34 | Create | Villager (Male) |
| 15:48 | Create | Villager (Male) |
| 15:48 | Create | Villager (Male) |
| 16:27 | Research | Fervor |
| 16:36 | Build | Castle |
| 16:57 | Create | Villager (Male) |
| 17:06 | Build | Castle |
| 17:22 | Build | Town Center |
| 17:34 | Create | Villager (Male) |
| 17:35 | Create | Villager (Male) |
| 18:25 | Build | Mining Camp |
| 18:35 | Build | Mill |
| 18:40 | Create | Hussite Wagon |
| 18:40 | Create | Hussite Wagon |
| 19:05 | Build | Lumber Camp |
| 19:07 | Create | Villager (Male) |
| 19:07 | Create | Villager (Male) |
| 19:17 | Research | Horse Collar |
| 19:18 | Research | Horse Collar |
| 19:33 | Create | Villager (Male) |
| 19:34 | Build | House |
| 19:37 | Create | Villager (Male) |
| 19:37 | Create | Villager (Male) |
| 19:40 | Build | Farm |
| 19:40 | Build | Farm |
| 19:41 | Build | Farm |
| 19:41 | Build | Farm |
| 19:41 | Build | Farm |
| 19:46 | Build | Farm |
| 19:49 | Create | Hussite Wagon |
| 19:49 | Create | Hussite Wagon |
| 20:02 | Create | Villager (Male) |
| 20:09 | Build | Farm |
| 20:21 | Build | Farm |
| 20:25 | Create | Villager (Male) |
| 20:36 | Create | Monk |
| 20:36 | Create | Monk |
| 20:38 | Create | Villager (Male) |
| 21:06 | Create | Hussite Wagon |
| 21:10 | Build | Farm |
| 21:12 | Create | Villager (Male) |
| 21:12 | Create | Villager (Male) |
| 21:12 | Create | Villager (Male) |
| 21:12 | Create | Villager (Male) |
| 21:14 | Create | Villager (Male) |
| 21:30 | Build | House |
| 21:33 | Build | Palisade Wall |
| 21:37 | Create | Villager (Male) |
| 21:41 | Build | Lumber Camp |
| 21:46 | Build | Farm |
| 22:06 | Build | House |
| 22:12 | Create | Villager (Male) |
| 22:12 | Create | Villager (Male) |
| 22:14 | Research | Wheelbarrow |
| 22:16 | Build | Palisade Wall |
| 22:17 | Build | Palisade Wall |
| 22:30 | Build | Farm |
| 22:34 | Create | Villager (Male) |
| 22:34 | Create | Villager (Male) |
| 22:34 | Create | Villager (Male) |
| 22:42 | Create | Villager (Male) |
| 22:46 | Create | Villager (Male) |
| 22:46 | Create | Villager (Male) |
| 22:53 | Build | Town Center |
| 22:57 | Create | Villager (Male) |
| 22:57 | Create | Villager (Male) |
| 22:58 | Create | Villager (Male) |
| 23:02 | Build | Farm |
| 23:07 | Create | Villager (Male) |
| 23:07 | Create | Villager (Male) |
| 23:13 | Build | Farm |
| 23:26 | Build | Lumber Camp |
| 23:30 | Create | Villager (Male) |
| 23:30 | Create | Villager (Male) |
| 23:30 | Create | Villager (Male) |
| 23:30 | Create | Villager (Male) |
| 23:43 | Build | Farm |
| 23:46 | Build | Farm |
| 23:52 | Create | Monk |
| 24:06 | Build | Barracks |
| 24:07 | Create | Villager (Male) |
| 24:08 | Create | Villager (Male) |
| 24:25 | Build | Farm |
| 24:25 | Build | Farm |
| 24:26 | Build | Farm |
| 24:28 | Build | Farm |
| 24:29 | Create | Villager (Male) |
| 24:31 | Build | Farm |
| 24:43 | Build | Farm |
| 24:44 | Build | Farm |
| 25:00 | Create | Spearman |
| 25:00 | Create | Spearman |
| 25:00 | Create | Spearman |
| 25:03 | Build | Barracks |
| 25:11 | Build | Mining Camp |
Build order — SSNoyer
First 150 of 431 actions detected
| 0:21 | Build | Town Center |
| 1:57 | Build | House |
| 2:27 | Research | Loom |
| 2:42 | Build | House |
| 2:48 | Create | Villager (Male) |
| 2:48 | Create | Villager (Male) |
| 2:49 | Create | Villager (Male) |
| 2:49 | Create | Villager (Male) |
| 3:32 | Build | House |
| 3:52 | Build | House |
| 3:57 | Create | Villager (Male) |
| 3:58 | Create | Villager (Male) |
| 4:47 | Build | House |
| 4:54 | Build | House |
| 5:09 | Create | Villager (Male) |
| 5:10 | Create | Villager (Male) |
| 5:10 | Create | Villager (Male) |
| 5:17 | Build | House |
| 5:30 | Build | House |
| 5:47 | Build | House |
| 5:55 | Create | Villager (Male) |
| 5:55 | Create | Villager (Male) |
| 5:55 | Create | Villager (Male) |
| 6:01 | Build | Palisade Wall |
| 6:26 | Build | House |
| 6:27 | Create | Villager (Male) |
| 6:43 | Build | Palisade Wall |
| 6:56 | Build | Palisade Wall |
| 7:11 | Build | House |
| 7:15 | Create | Villager (Male) |
| 7:27 | Build | House |
| 7:39 | Build | House |
| 7:58 | Create | Villager (Male) |
| 8:02 | Build | Mining Camp |
| 8:41 | Create | Villager (Male) |
| 8:50 | Build | Lumber Camp |
| 8:56 | Create | Villager (Male) |
| 9:21 | Research | Feudal Age |
| 9:42 | Build | House |
| 9:44 | Build | House |
| 10:11 | Build | House |
| 10:35 | Build | House |
| 11:17 | Create | Villager (Male) |
| 11:41 | Age | Feudal Age |
| 11:45 | Build | Blacksmith |
| 11:47 | Create | Villager (Male) |
| 11:47 | Create | Villager (Male) |
| 11:58 | Build | Mill |
| 12:05 | Build | Mining Camp |
| 12:32 | Build | Market |
| 12:46 | Research | Double-Bit Axe |
| 12:46 | Research | Double-Bit Axe |
| 13:07 | Research | Castle Age |
| 13:08 | Research | Castle Age |
| 13:41 | Research | Double-Bit Axe |
| 15:00 | Build | Palisade Wall |
| 15:45 | Create | Villager (Male) |
| 15:47 | Age | Castle Age |
| 15:51 | Build | Town Center |
| 15:54 | Research | Bow Saw |
| 15:55 | Create | Villager (Male) |
| 16:02 | Build | Town Center |
| 16:07 | Research | Horse Collar |
| 16:07 | Research | Horse Collar |
| 16:24 | Build | Palisade Gate |
| 16:35 | Create | Villager (Male) |
| 16:47 | Create | Villager (Male) |
| 16:48 | Create | Villager (Male) |
| 16:55 | Create | Villager (Male) |
| 16:59 | Create | Villager (Male) |
| 17:30 | Create | Villager (Male) |
| 17:37 | Build | Palisade Wall |
| 17:39 | Create | Villager (Male) |
| 17:40 | Create | Villager (Male) |
| 17:44 | Build | Monastery |
| 17:45 | Create | Villager (Male) |
| 18:05 | Create | Villager (Male) |
| 18:05 | Create | Villager (Male) |
| 18:08 | Build | Farm |
| 18:13 | Build | Farm |
| 18:15 | Build | Farm |
| 18:21 | Create | Monk |
| 18:26 | Build | Farm |
| 18:30 | Build | Monastery |
| 18:34 | Build | Farm |
| 18:37 | Create | Villager (Male) |
| 18:37 | Create | Villager (Male) |
| 18:37 | Create | Villager (Male) |
| 18:37 | Create | Villager (Male) |
| 18:39 | Create | Villager (Male) |
| 18:44 | Build | House |
| 18:47 | Build | House |
| 18:48 | Build | House |
| 18:49 | Build | House |
| 18:57 | Build | Farm |
| 19:01 | Build | Farm |
| 19:04 | Create | Villager (Male) |
| 19:14 | Create | Monk |
| 19:17 | Create | Villager (Male) |
| 19:26 | Create | Villager (Male) |
| 19:28 | Build | Farm |
| 19:30 | Build | Farm |
| 19:32 | Create | Villager (Male) |
| 19:37 | Build | Farm |
| 19:37 | Build | Farm |
| 19:38 | Create | Villager (Male) |
| 19:40 | Create | Villager (Male) |
| 19:43 | Create | Villager (Male) |
| 19:47 | Create | Villager (Male) |
| 19:47 | Create | Villager (Male) |
| 19:50 | Build | House |
| 19:52 | Build | Farm |
| 19:53 | Build | Farm |
| 20:06 | Build | Gate |
| 20:10 | Build | Stone Wall |
| 20:11 | Create | Villager (Male) |
| 20:19 | Build | Stone Wall |
| 20:20 | Create | Villager (Male) |
| 20:23 | Create | Villager (Male) |
| 20:23 | Create | Villager (Male) |
| 20:25 | Build | Farm |
| 20:26 | Build | Farm |
| 20:27 | Build | Farm |
| 20:29 | Build | House |
| 20:30 | Create | Villager (Male) |
| 20:35 | Create | Monk |
| 20:39 | Create | Villager (Male) |
| 20:40 | Build | Farm |
| 20:43 | Create | Villager (Male) |
| 20:44 | Create | Villager (Male) |
| 20:51 | Create | Villager (Male) |
| 20:52 | Create | Villager (Male) |
| 20:54 | Build | Farm |
| 20:55 | Build | Farm |
| 20:57 | Create | Villager (Male) |
| 20:57 | Create | Villager (Male) |
| 21:01 | Build | House |
| 21:01 | Build | House |
| 21:03 | Create | Villager (Male) |
| 21:03 | Create | Villager (Male) |
| 21:11 | Create | Villager (Male) |
| 21:11 | Create | Villager (Male) |
| 21:28 | Create | Villager (Male) |
| 21:29 | Create | Villager (Male) |
| 21:32 | Research | Fervor |
| 21:32 | Research | Fervor |
| 21:39 | Create | Villager (Male) |
| 21:39 | Create | Villager (Male) |
| 21:41 | Build | Market |
| 21:45 | Create | Villager (Male) |
Build order — dse
First 150 of 359 actions detected
| 0:35 | Build | Town Center |
| 2:04 | Build | House |
| 2:05 | Build | House |
| 2:25 | Create | Villager (Male) ×4 |
| 2:30 | Research | Loom |
| 2:31 | Create | Villager (Male) |
| 2:31 | Create | Villager (Male) |
| 2:31 | Create | Villager (Male) |
| 2:47 | Create | Villager (Male) |
| 3:43 | Build | House |
| 4:21 | Create | Villager (Male) |
| 4:34 | Build | House |
| 4:37 | Create | Villager (Male) |
| 4:37 | Create | Villager (Male) |
| 4:38 | Create | Villager (Male) |
| 5:02 | Create | Villager (Male) |
| 5:19 | Create | Villager (Male) |
| 5:48 | Build | House |
| 5:51 | Create | Villager (Male) |
| 6:26 | Create | Villager (Male) |
| 6:42 | Create | Villager (Male) |
| 6:47 | Build | House |
| 7:06 | Build | Mill |
| 7:10 | Build | House |
| 8:07 | Create | Villager (Male) |
| 8:18 | Build | Lumber Camp |
| 8:25 | Build | Mill |
| 8:40 | Create | Villager (Male) |
| 8:59 | Research | Feudal Age |
| 9:15 | Create | Villager (Male) |
| 9:15 | Create | Villager (Male) |
| 9:39 | Build | Mining Camp |
| 10:08 | Create | Villager (Male) |
| 10:58 | Build | Barracks |
| 11:00 | Create | Villager (Male) |
| 11:21 | Age | Feudal Age |
| 11:47 | Build | Market |
| 12:08 | Build | House |
| 12:20 | Build | Stable |
| 12:28 | Build | Palisade Wall |
| 12:48 | Create | Villager (Male) |
| 13:02 | Build | House |
| 13:09 | Build | Stable |
| 13:17 | Research | Castle Age |
| 13:17 | Research | Castle Age |
| 13:18 | Create | Scout Cavalry |
| 13:18 | Create | Scout Cavalry |
| 13:36 | Research | Double-Bit Axe |
| 13:42 | Create | Villager (Male) |
| 13:48 | Build | House |
| 14:03 | Create | Scout Cavalry |
| 14:03 | Create | Scout Cavalry |
| 14:30 | Create | Scout Cavalry |
| 14:38 | Build | House |
| 14:41 | Build | Palisade Wall |
| 14:48 | Create | Scout Cavalry |
| 15:08 | Create | Scout Cavalry |
| 15:11 | Create | Villager (Male) |
| 15:24 | Create | Scout Cavalry |
| 16:06 | Age | Castle Age |
| 16:08 | Research | Light Cavalry (upgrade) |
| 16:17 | Build | House |
| 16:17 | Build | House |
| 16:26 | Create | Villager (Male) |
| 16:29 | Create | Scout Cavalry |
| 16:44 | Create | Villager (Male) |
| 16:44 | Create | Villager (Male) |
| 16:50 | Create | Villager (Male) |
| 17:08 | Create | Scout Cavalry |
| 17:08 | Create | Scout Cavalry |
| 17:10 | Build | Farm |
| 17:11 | Build | Farm |
| 17:12 | Build | Farm |
| 17:24 | Build | Farm |
| 17:25 | Build | Farm |
| 17:31 | Build | House |
| 17:34 | Build | Palisade Gate |
| 17:43 | Research | Bloodlines |
| 17:54 | Build | Town Center |
| 18:03 | Create | Scout Cavalry |
| 18:04 | Create | Villager (Male) |
| 18:07 | Build | House |
| 18:08 | Build | House |
| 18:18 | Create | Villager (Male) |
| 18:20 | Build | Farm |
| 18:33 | Create | Villager (Male) |
| 18:56 | Research | Horse Collar |
| 18:58 | Create | Villager (Male) |
| 19:07 | Build | House |
| 19:09 | Build | House |
| 19:21 | Create | Villager (Male) |
| 19:39 | Create | Villager (Male) |
| 19:40 | Create | Villager (Male) |
| 19:52 | Build | Town Center |
| 20:01 | Build | House |
| 20:04 | Create | Villager (Male) |
| 20:04 | Create | Villager (Male) |
| 20:08 | Build | Farm |
| 20:12 | Create | Villager (Male) |
| 20:12 | Create | Villager (Male) |
| 20:15 | Build | Farm |
| 20:18 | Build | Farm |
| 20:19 | Build | Farm |
| 20:27 | Build | Palisade Gate |
| 20:37 | Create | Villager (Male) |
| 20:46 | Create | Villager (Male) |
| 20:46 | Create | Villager (Male) |
| 21:03 | Create | Villager (Male) |
| 21:03 | Create | Villager (Male) |
| 21:07 | Build | Farm |
| 21:39 | Build | House |
| 21:42 | Build | Palisade Wall |
| 21:46 | Create | Villager (Male) |
| 21:46 | Create | Villager (Male) |
| 21:47 | Create | Scout Cavalry |
| 21:48 | Create | Scout Cavalry |
| 21:52 | Create | Villager (Male) |
| 21:54 | Build | Farm |
| 21:56 | Build | Farm |
| 21:57 | Create | Villager (Male) |
| 21:58 | Create | Villager (Male) |
| 22:08 | Create | Villager (Male) |
| 22:19 | Create | Villager (Male) |
| 22:32 | Build | Farm |
| 22:33 | Create | Scout Cavalry |
| 22:34 | Create | Scout Cavalry |
| 22:41 | Build | Farm |
| 22:42 | Build | Farm |
| 22:44 | Build | Farm |
| 22:45 | Build | Farm |
| 22:48 | Create | Villager (Male) |
| 22:48 | Create | Villager (Male) |
| 22:53 | Build | Farm |
| 23:02 | Build | Farm |
| 23:15 | Create | Villager (Male) |
| 23:24 | Create | Scout Cavalry |
| 23:34 | Create | Villager (Male) |
| 23:34 | Create | Villager (Male) |
| 23:35 | Create | Villager (Male) |
| 23:35 | Create | Villager (Male) |
| 23:35 | Create | Villager (Male) |
| 23:38 | Build | Farm |
| 23:41 | Build | Farm |
| 23:42 | Build | Farm |
| 23:50 | Create | Villager (Male) |
| 23:50 | Create | Villager (Male) |
| 24:09 | Create | Villager (Male) |
| 24:10 | Create | Villager (Male) |
| 24:10 | Create | Villager (Male) |
| 24:15 | Build | Mining Camp |
Build order — weski
First 150 of 367 actions detected
| 0:34 | Build | Town Center |
| 1:42 | Build | House |
| 1:43 | Build | House |
| 2:19 | Create | Villager (Male) |
| 2:20 | Create | Villager (Male) |
| 2:20 | Create | Villager (Male) |
| 2:20 | Create | Villager (Male) |
| 2:20 | Create | Villager (Male) |
| 2:26 | Build | Lumber Camp |
| 2:37 | Build | House |
| 2:41 | Create | Villager (Male) |
| 2:41 | Create | Villager (Male) |
| 3:25 | Build | House |
| 3:55 | Research | Loom |
| 3:55 | Research | Loom |
| 3:58 | Build | House |
| 3:59 | Create | Villager (Male) |
| 4:00 | Build | House |
| 4:31 | Build | House |
| 5:01 | Create | Villager (Male) |
| 5:01 | Create | Villager (Male) |
| 5:01 | Create | Villager (Male) |
| 5:07 | Build | Mill |
| 5:19 | Create | Villager (Male) |
| 5:29 | Create | Villager (Male) |
| 5:29 | Create | Villager (Male) |
| 5:42 | Create | Villager (Male) |
| 5:43 | Create | Villager (Male) |
| 6:07 | Create | Villager (Male) |
| 6:07 | Create | Villager (Male) |
| 6:26 | Create | Villager (Male) |
| 6:26 | Create | Villager (Male) |
| 7:10 | Build | Barracks |
| 7:13 | Create | Villager (Male) |
| 7:18 | Build | House |
| 7:33 | Build | House |
| 7:39 | Create | Villager (Male) |
| 8:12 | Research | Feudal Age |
| 8:12 | Research | Feudal Age |
| 8:30 | Build | Lumber Camp |
| 8:42 | Build | Palisade Wall |
| 8:49 | Create | Villager (Male) |
| 8:49 | Create | Villager (Male) |
| 9:27 | Create | Villager (Male) |
| 9:58 | Create | Villager (Male) |
| 9:58 | Create | Villager (Male) |
| 10:17 | Create | Villager (Male) |
| 10:22 | Build | House |
| 10:33 | Age | Feudal Age |
| 10:35 | Build | Stable |
| 10:38 | Build | Blacksmith |
| 11:00 | Create | Villager (Male) |
| 11:06 | Build | House |
| 11:06 | Build | House |
| 11:06 | Build | House |
| 11:14 | Build | House |
| 11:19 | Create | Scout Cavalry |
| 11:20 | Create | Scout Cavalry |
| 11:20 | Create | Scout Cavalry |
| 11:35 | Research | Scale Barding Armor |
| 11:40 | Research | Forging |
| 11:41 | Research | Forging |
| 11:42 | Create | Villager (Male) |
| 11:43 | Create | Villager (Male) |
| 12:11 | Create | Scout Cavalry |
| 12:23 | Research | Double-Bit Axe |
| 12:23 | Research | Double-Bit Axe |
| 12:25 | Create | Villager (Male) |
| 12:44 | Create | Villager (Male) |
| 12:49 | Create | Scout Cavalry |
| 12:49 | Create | Scout Cavalry |
| 13:04 | Create | Villager (Male) |
| 13:04 | Create | Villager (Male) |
| 13:12 | Create | Villager (Male) |
| 13:12 | Create | Villager (Male) |
| 13:24 | Create | Villager (Male) |
| 13:24 | Create | Villager (Male) |
| 13:42 | Build | Market |
| 14:25 | Create | Villager (Male) |
| 14:35 | Create | Villager (Male) |
| 14:43 | Create | Scout Cavalry |
| 14:44 | Create | Scout Cavalry |
| 14:50 | Research | Bloodlines |
| 14:53 | Create | Villager (Male) |
| 15:10 | Create | Villager (Male) |
| 15:21 | Create | Villager (Male) |
| 15:46 | Research | Castle Age |
| 15:46 | Research | Castle Age |
| 15:55 | Build | House |
| 15:57 | Build | House |
| 16:08 | Create | Scout Cavalry |
| 16:08 | Create | Scout Cavalry |
| 16:09 | Create | Villager (Male) |
| 16:09 | Create | Villager (Male) |
| 16:37 | Create | Scout Cavalry |
| 16:38 | Create | Scout Cavalry |
| 16:59 | Build | Farm |
| 17:01 | Build | Farm |
| 17:04 | Build | Farm |
| 17:17 | Research | Horse Collar |
| 17:17 | Research | Horse Collar |
| 17:34 | Build | Farm |
| 17:37 | Build | Farm |
| 17:48 | Create | Villager (Male) |
| 18:26 | Age | Castle Age |
| 18:35 | Research | Light Cavalry (upgrade) |
| 18:35 | Research | Light Cavalry (upgrade) |
| 18:47 | Build | House |
| 18:49 | Build | House |
| 19:02 | Build | House |
| 19:19 | Build | Farm |
| 19:28 | Create | Villager (Male) |
| 19:42 | Create | Villager (Male) |
| 19:42 | Create | Villager (Male) |
| 20:01 | Build | Town Center |
| 20:13 | Create | Villager (Male) |
| 20:13 | Create | Villager (Male) |
| 20:19 | Build | Farm |
| 20:19 | Build | Farm |
| 20:21 | Build | Farm |
| 20:31 | Create | Battle Elephant |
| 20:31 | Create | Battle Elephant |
| 20:44 | Create | Battle Elephant |
| 20:47 | Create | Villager (Male) |
| 21:13 | Create | Villager (Male) |
| 21:13 | Create | Villager (Male) |
| 21:37 | Create | Villager (Male) |
| 21:37 | Create | Villager (Male) |
| 21:51 | Build | Castle |
| 22:13 | Create | Villager (Male) |
| 22:14 | Create | Villager (Male) |
| 22:14 | Create | Villager (Male) |
| 22:18 | Build | Farm |
| 22:18 | Build | Farm |
| 22:20 | Build | Farm |
| 22:22 | Build | Farm |
| 22:23 | Build | Farm |
| 22:25 | Build | Farm |
| 22:28 | Create | Villager (Male) |
| 22:28 | Create | Villager (Male) |
| 22:43 | Create | Villager (Male) |
| 22:43 | Create | Villager (Male) |
| 22:52 | Build | Lumber Camp |
| 22:54 | Create | Villager (Male) |
| 22:54 | Create | Villager (Male) |
| 23:04 | Create | Villager (Male) |
| 23:05 | Create | Villager (Male) |
| 23:18 | Create | Villager (Male) |
| 23:18 | Create | Villager (Male) |
| 23:27 | Create | Villager (Male) |
Build order — Fs.Alive
First 150 of 322 actions detected
| 0:39 | Build | Town Center |
| 2:13 | Build | House |
| 2:15 | Build | House |
| 2:24 | Build | Mill |
| 2:41 | Create | Villager (Male) |
| 2:41 | Create | Villager (Male) |
| 2:42 | Create | Villager (Male) |
| 2:57 | Create | Villager (Male) |
| 3:48 | Build | House |
| 3:49 | Create | Villager (Male) |
| 3:49 | Create | Villager (Male) |
| 4:11 | Create | Villager (Male) |
| 4:11 | Create | Villager (Male) |
| 4:37 | Create | Villager (Male) |
| 4:39 | Create | Villager (Male) |
| 4:40 | Create | Villager (Male) |
| 5:12 | Create | Villager (Male) |
| 5:16 | Create | Villager (Male) |
| 5:39 | Create | Villager (Male) |
| 6:03 | Create | Villager (Male) |
| 6:25 | Create | Villager (Male) |
| 6:33 | Build | House |
| 6:50 | Create | Villager (Male) |
| 6:54 | Create | Villager (Male) |
| 7:15 | Create | Villager (Male) |
| 8:16 | Build | Lumber Camp |
| 8:52 | Research | Feudal Age |
| 9:09 | Build | Outpost |
| 10:09 | Build | House |
| 10:18 | Build | Outpost |
| 10:33 | Build | Mining Camp |
| 10:52 | Create | Villager (Male) |
| 10:57 | Create | Villager (Male) |
| 11:06 | Age | Feudal Age |
| 11:14 | Build | Market |
| 11:23 | Build | Blacksmith |
| 11:46 | Build | Palisade Wall |
| 11:50 | Build | Palisade Wall |
| 12:07 | Research | Castle Age |
| 12:07 | Research | Castle Age |
| 12:52 | Build | House |
| 13:29 | Create | Villager (Male) |
| 14:03 | Research | Loom |
| 14:24 | Research | Double-Bit Axe |
| 14:24 | Research | Double-Bit Axe |
| 14:47 | Age | Castle Age |
| 14:59 | Build | Castle |
| 15:08 | Create | Villager (Male) |
| 15:09 | Research | Bow Saw |
| 15:13 | Research | Scale Mail Armor |
| 15:43 | Create | Villager (Male) |
| 15:47 | Create | Villager (Male) |
| 15:55 | Build | Town Center |
| 16:19 | Create | Villager (Male) |
| 16:20 | Create | Ghulam |
| 16:20 | Create | Ghulam |
| 16:21 | Create | Ghulam |
| 16:21 | Create | Ghulam |
| 16:54 | Create | Villager (Male) |
| 16:56 | Create | Ghulam |
| 17:10 | Create | Villager (Male) |
| 17:15 | Create | Villager (Male) |
| 17:26 | Create | Ghulam |
| 17:29 | Create | Villager (Male) |
| 17:37 | Create | Ghulam |
| 17:39 | Research | Forging |
| 17:47 | Build | Farm |
| 17:49 | Build | Farm |
| 17:52 | Build | Farm |
| 17:54 | Create | Ghulam |
| 18:01 | Build | Farm |
| 18:03 | Research | Horse Collar |
| 18:04 | Research | Horse Collar |
| 18:09 | Create | Ghulam |
| 18:25 | Build | Farm |
| 18:41 | Create | Villager (Male) |
| 18:45 | Build | Farm |
| 18:49 | Create | Villager (Male) |
| 18:56 | Create | Villager (Male) |
| 18:58 | Create | Villager (Male) |
| 19:01 | Create | Villager (Male) |
| 19:02 | Create | Villager (Male) |
| 19:04 | Build | Farm |
| 19:17 | Build | House |
| 19:18 | Build | House |
| 19:30 | Build | Farm |
| 19:33 | Create | Villager (Male) |
| 19:40 | Create | Villager (Male) |
| 19:47 | Build | Town Center |
| 20:00 | Build | Barracks |
| 20:02 | Create | Villager (Male) |
| 20:07 | Create | Villager (Male) |
| 20:11 | Create | Villager (Male) |
| 20:14 | Create | Ghulam |
| 20:17 | Create | Villager (Male) |
| 20:18 | Create | Villager (Male) |
| 20:24 | Build | Farm |
| 20:35 | Build | House |
| 20:50 | Research | Squires |
| 20:50 | Research | Squires |
| 21:00 | Create | Villager (Male) |
| 21:04 | Build | Farm |
| 21:07 | Build | Outpost |
| 21:11 | Create | Villager (Male) |
| 21:12 | Create | Villager (Male) |
| 21:14 | Create | Villager (Male) |
| 21:21 | Create | Villager (Male) |
| 21:29 | Create | Ghulam |
| 21:43 | Create | Villager (Male) |
| 21:53 | Build | Mill |
| 21:54 | Create | Villager (Male) |
| 22:09 | Build | Outpost |
| 22:45 | Build | Town Center |
| 22:48 | Build | Farm |
| 22:56 | Create | Villager (Male) |
| 22:58 | Create | Villager (Male) |
| 22:59 | Build | Outpost |
| 23:08 | Create | Villager (Male) |
| 23:09 | Create | Villager (Male) |
| 23:10 | Build | Farm |
| 23:10 | Build | Farm |
| 23:11 | Build | Farm |
| 23:11 | Build | Farm |
| 23:11 | Build | Farm |
| 23:11 | Build | Farm |
| 23:21 | Research | Arson |
| 23:21 | Research | Arson |
| 23:25 | Create | Villager (Male) |
| 23:32 | Create | Villager (Male) |
| 23:33 | Create | Villager (Male) |
| 23:41 | Build | Outpost |
| 23:45 | Research | Town Watch |
| 23:45 | Research | Town Watch |
| 23:48 | Build | Farm |
| 23:49 | Build | Farm |
| 23:52 | Create | Villager (Male) |
| 23:53 | Create | Villager (Male) |
| 24:14 | Create | Ghulam |
| 24:16 | Create | Villager (Male) |
| 24:16 | Create | Villager (Male) |
| 24:19 | Create | Villager (Male) |
| 24:19 | Create | Villager (Male) |
| 24:33 | Create | Villager (Male) |
| 24:34 | Create | Villager (Male) |
| 24:35 | Create | Villager (Male) |
| 24:45 | Build | House |
| 24:48 | Create | Villager (Male) |
| 24:52 | Create | Ghulam |
| 24:52 | Create | Ghulam |
| 24:55 | Create | Villager (Male) |
Match timeline
| 6:01 | SSNoyer · wall_segment Palisade Wall x1 |
| 6:43 | SSNoyer · wall_segment Palisade Wall x1 |
| 6:56 | SSNoyer · wall_segment Palisade Wall x1 |
| 7:10 | weski · first_building Barracks |
| 8:42 | weski · wall_segment Palisade Wall x16 |
| 10:33 | weski · age_up feudal |
| 10:35 | weski · first_building Stable |
| 10:58 | 30Markus · age_up feudal |
| 10:58 | dse · first_building Barracks |
| 11:06 | Fs.Alive · age_up feudal |
| 11:12 | ike · age_up feudal |
| 11:21 | dse · age_up feudal |
| 11:41 | SSNoyer · age_up feudal |
| 11:46 | Fs.Alive · wall_segment Palisade Wall x1 |
| 11:50 | Fs.Alive · wall_segment Palisade Wall x1 |
| 12:06 | Fs.Alive · first_market_sell 100 stone |
| 12:20 | dse · first_building Stable |
| 12:24 | ike · first_building Barracks |
| 12:28 | dse · wall_segment Palisade Wall x1 |
| 13:03 | SSNoyer · first_market_sell 100 wood |
| 13:39 | ike · first_building Stable |
| 14:10 | SSNoyer · first_market_buy 100 wood |
| 14:21 | 30Markus · first_market_buy 100 wood |
| 14:28 | weski · first_market_sell 100 wood |
| 14:30 | weski · first_market_buy 100 food |
| 14:33 | 30Markus · age_up castle |
| 14:41 | dse · wall_segment Palisade Wall x14 |
| 14:42 | 30Markus · first_building Monastery |
| 14:47 | Fs.Alive · age_up castle |
| 14:59 | Fs.Alive · first_building Castle |
| 15:00 | SSNoyer · wall_segment Palisade Wall x11 |
| 15:07 | ike · age_up castle |
| 15:47 | SSNoyer · age_up castle |
| 16:06 | dse · age_up castle |
| 16:36 | 30Markus · first_building Castle |
| 17:37 | SSNoyer · wall_segment Palisade Wall x1 |
| 17:44 | SSNoyer · first_building Monastery |
| 18:26 | weski · age_up castle |
| 19:38 | Fs.Alive · first_market_buy 100 stone |
| 20:00 | Fs.Alive · first_building Barracks |
| 20:10 | SSNoyer · wall_segment Stone Wall x4 |
| 20:19 | SSNoyer · wall_segment Stone Wall x1 |
| 21:14 | dse · first_market_buy 100 wood |
| 21:33 | 30Markus · wall_segment Palisade Wall x5 |
| 21:42 | dse · wall_segment Palisade Wall x1 |
| 21:51 | weski · first_building Castle |
| 22:16 | 30Markus · wall_segment Palisade Wall x1 |
| 22:17 | 30Markus · wall_segment Palisade Wall x1 |
| 22:23 | ike · first_market_buy 100 stone |
| 24:06 | 30Markus · first_building Barracks |
| 25:38 | SSNoyer · wall_segment Stone Wall x5 |
| 26:58 | ike · first_building Castle |
| 27:00 | Fs.Alive · first_building Siege Workshop |
| 27:09 | 30Markus · first_building Siege Workshop |
| 27:21 | SSNoyer · first_building Barracks |
| 28:06 | weski · wall_segment Palisade Wall x1 |
| 28:25 | ike · wall_segment Palisade Wall x1 |
| 28:50 | SSNoyer · first_building Castle |
| 29:03 | SSNoyer · wall_segment Stone Wall x6 |
| 29:07 | 30Markus · age_up imperial |
| 29:19 | SSNoyer · first_building Stable |
| 30:47 | SSNoyer · age_up imperial |
| 31:03 | 30Markus · first_building Archery Range |
| 31:23 | ike · resign |
| 33:24 | weski · age_up imperial |
| 34:38 | 30Markus · first_market_sell 100 wood |
| 34:54 | Fs.Alive · age_up imperial |
[ AI ANALYSIS · 1 CREDIT ]
What really happened in this match?
Wolo.gg analyzes every decision: build order, eco, micro, common mistakes by bracket. Personalized analysis on WhatsApp or Discord in 30 seconds.
Civ guide
Jurchens
Perfil
Jugador #17319075